 Dungeon Crawl Stone Soup version 0.17.1-3-g152610e (webtiles) character file.

147 Urist the Skirmisher (level 5, -1/42 HPs)
             Began as a Demonspawn Abyssal Knight on Apr 27, 2016.
             Was a Priest of Lugonu.
             Slain by an iguana (10 damage)
             ... on level 4 of the Dungeon.
             The game lasted 00:15:01 (3159 turns).

Urist the Skirmisher (Demonspawn Abyssal Knight)    Turns: 3159, Time: 00:15:02

Health: -1/42      AC:  9    Str: 13    XL:     5   Next: 8%
Magic:  6/6        EV: 12    Int: 19    God:    Lugonu [***...]
Gold:   200        SH:  0    Dex: 12    Spells: 0 memorised, 4 levels left

rFire  + . .     SeeInvis .     a - +1 spear
rCold  . . .     Clarity  .     b - +1 leather armour
rNeg   . . .     SustAt   .     (no shield)
rPois  .         Gourm    .     (helmet restricted)
rElec  .         Spirit   .     o - +0 cloak
rCorr  .         Warding  .     (no gloves)
rMut   .         Stasis   .     (no boots)
MR     .....                    (no amulet)
Stlth  +.........               h - +5 ring of intelligence
                                g - ring of protection from fire

@: not resistant to hostile enchantments, very unstealthy
A: horns 1, iridescent scales 1, demonic guardian 1, rot immunity
a: Depart the Abyss, Bend Space, Banish, Renounce Religion


You were on level 4 of the Dungeon.
You worshipped Lugonu.
Lugonu was most pleased with you.
You were not hungry.

You visited 1 branch of the dungeon, and saw 4 of its levels.
You visited the Abyss 1 time.

You collected 200 gold pieces.

Inventory:

Hand Weapons
 a - a +1 spear (weapon)
 u - a +0 trident
Armour
 b - a +1 leather armour (worn)
 o - a +0 cloak (worn)
Jewellery
 f - an uncursed ring of fire
 g - a ring of protection from fire (left hand)
 h - a +5 ring of intelligence (right hand)
Scrolls
 k - 3 scrolls of remove curse
 l - 3 scrolls of identify
 v - 2 scrolls of amnesia {unknown}
 w - a scroll of recharging
Potions
 d - a potion of resistance {unknown}
 e - 2 potions of curing
 m - a potion of brilliance {unknown}
 n - a potion of mutation {unknown}
 p - a potion of cure mutation {unknown}
 q - a potion of lignification {unknown}
 r - a potion of degeneration {unknown}
 t - a potion of cancellation {unknown}
Comestibles
 c - a bread ration
 i - 2 meat rations
 j - a beef jerky
 s - 2 chunks of flesh


   Skills:
 + Level 3.9 Fighting
 + Level 2.5 Polearms
 + Level 2.3 Armour
 + Level 2.6 Dodging
 + Level 0.8 Stealth
 + Level 2.6 Invocations


You had 4 spell levels left.
You didn't know any spells.

Dungeon Overview and Level Annotations

Branches:
Dungeon (4/15)
 Temple: D:4-7

Altars:


Innate Abilities, Weirdness & Mutations

You have a pair of small horns on your head.
You are partially covered in iridescent scales (AC +4).
A weak demonic guardian rushes to your aid.
You are immune to rotting.


Message History

* * * LOW HITPOINT WARNING * * *
You closely miss the iguana.
The iguana is severely wounded.
The iguana barely misses you.
You barely miss the iguana.
The iguana is severely wounded.
The iguana misses you.
You hit the iguana but do no damage.
The iguana is severely wounded.
The iguana closely misses you.
You hit the iguana. Your headbutt misses the iguana.
The iguana is almost dead.
The iguana misses you.
You hit the iguana.
The iguana is almost dead.
The iguana closely misses you.
You hit the iguana but do no damage.
The iguana is almost dead.
The iguana bites you!
You die...

# #. ###.##
.....
####.#.#########
........@l......
#####..#######.
#........#
##.#####.# #.#
#.# #.#####.#
#.#<....#
#.####### ...


You could see an iguana.

Vanquished Creatures
  An orc wizard (D:3)
  3 adders
  2 worms
  4 orcs (D:3)
  A ball python (D:3)
  3 giant cockroaches
  12 hobgoblins
  16 jackals
  4 bats
  2 giant geckos (D:1)
  3 giant newts
  8 goblins
  7 kobolds
  11 rats
77 creatures vanquished.

Vanquished Creatures (collateral kills)
  Natasha (D:3)
1 creature vanquished.

Grand Total: 78 creatures vanquished

Notes
Turn   | Place    | Note
--------------------------------------------------------------
     0 | Abyss:1  | Urist the Demonspawn Abyssal Knight began the quest for the Orb.
     0 | Abyss:1  | Reached XP level 1. HP: 18/18 MP: 2/2
    10 | D:1      | Escaped the Abyss
   564 | D:1      | Reached skill level 1 in Dodging
   575 | D:1      | Gained mutation: A weak demonic guardian rushes to your aid. [demonic ancestry]
   575 | D:1      | Reached XP level 2. HP: 16/24 MP: 3/3
   638 | D:1      | Reached ** piety under Lugonu
  1223 | D:2      | Gained mutation: You are immune to rotting. [demonic ancestry]
  1223 | D:2      | Reached XP level 3. HP: 14/29 MP: 4/4
  2153 | D:2      | Gained mutation: You are partially covered in iridescent scales (AC +4). [demonic ancestry]
  2153 | D:2      | Reached XP level 4. HP: 37/37 MP: 5/5
  2493 | D:3      | Reached *** piety under Lugonu
  2835 | D:3      | Noticed Natasha
  2840 | D:3      | Killed Natasha
  2840 | D:3      | Gained mutation: You have a pair of small horns on your head. [demonic ancestry]
  2840 | D:3      | Reached XP level 5. HP: 42/42 MP: 6/6
  3159 | D:4      | Slain by an iguana

Action                   |  1- 3 |  4- 6 || total
-------------------------+-------+-------++-------
Melee: Spear             |   220 |   152 ||   372
Invok: Bend Space        |       |     1 ||     1
  Use: Scroll            |     8 |       ||     8
       Potion            |     2 |       ||     2
  Eat: Beef jerky        |     1 |       ||     1
       Chunk             |     2 |     4 ||     6
